 Dungeon Crawl Stone Soup version 0.25-a0-50-gf0389da217 (webtiles) character file.

Game seed: 5203207643916261680, levelgen mode: deterministic

49 Gargoyl the Skirmisher (level 3, -1/31 HPs)
             Began as a Draconian Abyssal Knight on Oct 24, 2019.
             Was a Follower of Lugonu.
             Slain by an orc
             ... wielding a cursed +0 whip
              (4 damage)
             ... on level 2 of the Dungeon.
             The game lasted 00:01:59 (1373 turns).

Gargoyl the Skirmisher (Draconian Abyssal Knight)   Turns: 1373, Time: 00:02:00

Health: -1/31      AC:  5    Str: 15    XL:     3   Next: 53%
Magic:  4/4        EV: 12    Int: 12    God:    Lugonu [*.....]
Gold:   163        SH:  0    Dex: 10    Spells: 2/2 levels left

rFire    . . .     SeeInvis .   c - +2 battleaxe (chop)
rCold    . . .     Gourm    .   (shield currently unavailable)
rNeg     . . .     Faith    .   (armour unavailable)
rPois    .         Spirit   .   (helmet restricted)
rElec    .         Reflect  .   (no cloak)
rCorr    .         Harm     .   (no gloves)
MR       .....                  (no boots)
Stlth    +.........             (no amulet)
HPRegen  0.10/turn              (no ring)
MPRegen  0.09/turn              (no ring)

@: no status effects
A: unfitting armour, cold-blooded, AC +5
a: Depart the Abyss, Renounce Religion


You were on level 2 of the Dungeon.
You worshipped Lugonu.
Lugonu was aware of your devotion.
You were not hungry.

You visited 1 branch of the dungeon, and saw 2 of its levels.
You visited the Abyss 1 time.

You collected 163 gold pieces.

Inventory:

Hand Weapons
 a - a +2 hand axe
 c - a +2 battleaxe of chopping (weapon)
Scrolls
 e - a scroll of magic mapping {unknown}
 i - a scroll of remove curse {unknown}
Potions
 d - a potion of ambrosia {unknown}
 f - a potion of mutation {unknown}
 g - a potion of brilliance {unknown}
 h - a potion of might {unknown}
Comestibles
 b - a ration


   Skills:
 + Level 3.6 Fighting
 + Level 2.8 Axes
 * Level 2.8 Dodging
 * Level 2.2 Invocations


You had 2 spell levels left.
You didn't know any spells.
Your spell library was empty.

Dungeon Overview and Level Annotations

Branches:
Dungeon (2/15)

Altars:


Innate Abilities, Weirdness & Mutations

Your plain brown scales are hard. (AC +5)
You cannot fit into any form of body armour.
You are cold-blooded and may be slowed by cold attacks.


Message History

You miss the frilled lizard. You hit the orc but do no damage.
The orc hits you but does no damage. The frilled lizard misses you.
The orc hits you but does no damage.
Unknown command.
You miss the frilled lizard. You hit the orc but do no damage.
The frilled lizard bites you. The orc closely misses you.
The frilled lizard barely misses you.
Unknown command.
You slash the frilled lizard!
You kill the frilled lizard!
Lugonu accepts your kill.
You hit the orc but do no damage. The orc closely misses you.
The orc hits you with a cursed +0 whip!
* * * LOW HITPOINT WARNING * * *
Unknown command.
The orc closely misses you.
You hit the orc but do no damage. The orc hits you with a cursed +0 whip!
* * * LOW HITPOINT WARNING * * *
The orc hits you with a cursed +0 whip.
You die...

### # .( # ######## .#
#########......###.#
........'.........>####
#########.............##
#...............
#.......@.....#
#.#####.o.....# #.#
#.......# #.# ####....?.
#.# .###+# .# #


You could see an orc.

Vanquished Creatures
  An adder (D:2)
  A worm (D:2)
  A dart slug (D:1)
  7 giant cockroaches (D:1)
  6 goblins (D:1)
  3 hobgoblins
  2 bats
  2 frilled lizards
  7 kobolds (D:1)
  3 rats (D:1)
33 creatures vanquished.

Notes
Turn   | Place    | Note
-------+----------+-------------------------------------------
     0 | Abyss:1  | Gargoyl the Draconian Abyssal Knight began the quest for
                  | the Orb.
     0 | Abyss:1  | Reached XP level 1. HP: 19/19 MP: 2/2
    45 | Abyss:1  | Noticed a quasit
   151 | Abyss:2  | Identified a scroll of acquirement
   181 | Abyss:3  | Noticed a hell knight
   182 | D:1      | Escaped the Abyss
   599 | D:1      | Reached XP level 2. HP: 26/26 MP: 3/3
   609 | D:1      | Reached * piety under Lugonu
  1169 | D:1      | Reached XP level 3. HP: 31/31 MP: 4/4
  1373 | D:2      | Slain by an orc

Levels and vault maps discovered:
D:1:      giann_bridges, layout_basic
D:2:      layout_basic, lemuel_doored_altar,
          nicolae_ru_great_annihilating_truth, st_stairs_1, uniq_terence

Action                   || total
-------------------------++-------
Melee: Battleaxe         ||    84
       Hand axe          ||     7
       Tailslap          ||     4
Invok: Depart the Abyss  ||     1
  Use: Scroll            ||     3
       Potion            ||     1
 Stab: Sleeping          ||     1
  Eat: Chunk             ||     2
Armor: Skin              ||    52
Dodge: Dodged            ||   111

Table legend:
 A = Non-vault XP
 B = Vault XP
 C = Vault XP percentage of total XP
 D = Non-vault monster count
 E = Vault monster count
 F = Vault count percentage of total count
                 A         B        C        D         E       F
            +---------+---------+-------+---------+---------+-------
      Total |      71 |       0 |   0.0 |      33 |       0 |   0.0
            +---------+---------+-------+---------+---------+-------
        D:1 |      48 |       0 |   0.0 |      28 |       0 |   0.0
        D:2 |      23 |       0 |   0.0 |       5 |       0 |   0.0
            +---------+---------+-------+---------+---------+-------
